Map: Eastwatch LE

Players

Plasmid

  • Race: Zerg Zerg
  • League: Diamond
  • Spawn Location: 1:00

TheHitman - Winner!

  • Race: Protoss Protoss
  • League: Master
  • Spawn Location: 7:00

VOD

Have the link to the VOD?

Description

Interesting variation of a zealot timing with some immortals mixed in

Time

  • Played on: April 3, 2018, 7:36 p.m.
  • Length: 8:49
Show
View Real Time Build Order
Export as new Build Order

Plasmid Zerg 

Build Orders: Hatch First 

Get SALT Encoding   

  12  0:01  Drone  
  13  0:12  Overlord  
  13  0:18  Drone  
  14  0:31  Drone x2  
  16  0:36  Drone  
  17  0:45  Drone  
  18  0:57  Hatchery  
  18  0:59  Extractor  
  18  1:02  Drone  
  17  1:08  Drone  
  18  1:21  Spawning Pool  
  18  1:22  Drone  
  18  1:28  Drone  
  19  1:39  Drone  
  20  1:53  Drone  
  21  2:08  Metabolic Boost  
  21  2:09  Queen  
  21  2:13  Drone x3, Queen  
  28  2:37  Overlord  
  28  3:01  Drone x5  
  28  3:02  Drone  
  34  3:13  Drone x2  
  36  3:21  Overlord x2, Hatchery  
  35  3:29  Drone  
  36  3:37  Extractor  
  36  3:38  Queen  
  36  3:40  Drone x4  
  41  3:45  Drone  
  42  3:56  Drone x3  
  42  3:57  Drone  
  46  4:03  Lair  
  46  4:05  Drone x2  
  48  4:13  Overlord  
  48  4:21  Drone x4  
  52  4:26  Extractor  
  52  4:27  Drone  
  52  4:35  Evolution Chamber  
  52  4:36  Drone x3, Evolution Chamber  
  52  4:37  Queen  
  55  4:46  Roach Warren  
  54  4:54  Drone x3  
  54  4:55  Extractor, Drone x6  
  54  4:56  Overlord  
  62  5:09  Hydralisk Den  
  62  5:10  Zerg Ground Armor Level 1, Zerg Missile Weapons Level 1  
  61  5:15  Overseer  
  61  5:26  Glial Reconstitution  
  61  5:27  Roach  
  61  5:28  Roach x4  
  71  5:29  Zergling x2  
  71  5:30  Zergling x4  
  71  5:31  Overlord x2  
  71  5:32  Overlord x3  
  74  5:52  Roach x5  
  74  5:53  Roach x3  
  92  5:57  Roach  
  92  5:58  Roach  
  94  6:17  Muscular Augments  
  94  6:22  Drone  
  94  6:23  Drone  
  96  6:29  Roach x6  
  96  6:30  Roach  
  110  6:46  Roach x2  
  104  6:54  Roach x3  
  104  6:55  Roach x4  
  90  7:06  Roach x4  
  89  7:18  Roach x2, Spine Crawler x2  
  89  7:19  Roach x4  
  88  7:33  Zergling x6  
  88  7:34  Baneling Nest  
  90  7:46  Roach x2  
  90  7:47  Roach x3  
  71  8:06  Roach x3  
  71  8:12  Roach x4  
  78  8:16  Roach  
  70  8:24  Roach x2  
  49  8:43  Spine Crawler  
  49  8:44  Spine Crawler x2  
  49  8:45  Spine Crawler  
  49  8:46  Spine Crawler x2  
Show
View Real Time Build Order
Export as new Build Order

TheHitman Protoss - Winner!

Build Orders: Nexus First 

Get SALT Encoding   

  12  0:02  Probe  
  13  0:14  Probe  
  13  0:19  Pylon  
  14  0:26  Probe  
  15  0:38  Probe (Chrono Boost)  
  16  0:48  Probe (Chrono Boost)  
  17  0:53  Probe (Chrono Boost)  
  18  1:05  Nexus  
  18  1:16  Gateway  
  18  1:21  Probe (Chrono Boost)  
  18  1:24  Assimilator  
  20  1:33  Probe (Chrono Boost)  
  20  1:39  Probe (Chrono Boost)  
  20  1:40  Forge  
  21  1:47  Probe  
  21  1:52  Pylon  
  22  2:03  Cybernetics Core  
  22  2:09  Assimilator  
  22  2:15  Photon Cannon  
  22  2:31  Photon Cannon  
  22  2:34  Photon Cannon  
  22  2:48  Probe x2  
  24  2:51  Photon Cannon  
  24  2:57  Twilight Council  
  23  3:00  Probe  
  23  3:03  Probe  
  25  3:08  Warp Gate (Chrono Boost)  
  25  3:09  Pylon  
  25  3:12  Probe (Chrono Boost)  
  26  3:17  Probe (Chrono Boost)  
  27  3:24  Probe (Chrono Boost)  
  28  3:28  Robotics Facility  
  28  3:32  Probe x2 (Chrono Boost)  
  30  3:38  Charge  
  30  3:39  Probe (Chrono Boost)  
  30  3:40  Probe (Chrono Boost)  
  32  3:48  Gateway  
  32  3:50  Probe (Chrono Boost)  
  32  3:51  Probe (Chrono Boost)  
  32  3:55  Probe x2 (Chrono Boost)  
  34  3:56  Protoss Ground Weapons Level 1  
  36  4:03  Gateway  
  36  4:09  Gateway  
  36  4:18  Immortal  
  36  4:23  Shield Battery  
  40  4:26  Pylon  
  40  4:40  Gateway  
  40  4:45  Gateway x2  
  40  4:54  Gateway  
  40  4:57  Gateway  
  40  5:00  Warp Prism  
  42  5:11  Gateway  
  42  5:20  Pylon  
  42  5:21  Zealot  
  42  5:22  Zealot x2  
  42  5:23  Pylon  
  42  5:27  Pylon  
  48  5:37  Zealot  
  48  5:39  Zealot  
  52  5:43  Zealot x2  
  52  5:44  Protoss Shields Level 1 (Chrono Boost)  
  56  6:01  Zealot x3  
  56  6:02  Zealot  
  64  6:04  Zealot  
  64  6:07  Pylon  
  66  6:21  Zealot x4  
  66  6:24  Sentry  
  76  6:27  Zealot  
  78  6:37  Zealot x3  
  84  6:54  Zealot x5  
  80  7:03  Sentry x2  
  80  7:04  Zealot  
  86  7:29  Pylon  
  86  7:35  Templar Archives  
  80  7:49  Zealot x2  
  80  7:50  Zealot x4  
  78  7:51  Zealot  
  78  7:52  Zealot x3  
  64  8:10  Zealot x3  
  64  8:11  Zealot, Stalker  
  64  8:12  Stalker  
  64  8:27  High Templar x3  
  64  8:29  Zealot  
  64  8:31  Zealot x3  
  64  8:32  Zealot  
  80  8:34  Archon  
  76  8:44  Zealot x2  
Tags
 
Add a new tag
Caveats
  • Supply blocks, unpowered buildings, or Contaminate may cause inaccurate times.
  • Supply counts are checked every 10 seconds.